Map: [ESL] Waterfall

Players

Maru

  • Race: Terran Terran
  • Spawn Location: 7:00

herO - Winner!

  • Race: Protoss Protoss
  • Spawn Location: 1:00

Event: DreamHack SC2 Masters 2022 Atlanta (Offline)

VOD

Have the link to the VOD?

Description

Time

  • Played on: Nov. 20, 2022, 2:39 p.m.
  • Length: 14:14

All games in this series

Show
View Real Time Build Order
Export as new Build Order

Maru Terran 

Build Orders:  

Get SALT Encoding   

  12  0:00  SCV  
  13  0:12  SCV  
  14  0:16  Supply Depot  
  14  0:24  SCV  
  15  0:38  SCV  
  15  0:40  Barracks  
  16  0:43  Refinery  
  16  0:50  SCV  
  16  0:52  Refinery  
  17  1:02  SCV  
  18  1:14  SCV  
  19  1:27  Reaper, Orbital Command  
  19  1:30  Supply Depot  
  20  1:41  Factory  
  20  1:52  SCV  
  21  2:00  Barracks Reactor  
  21  2:04  SCV  
  22  2:16  SCV  
  22  2:20  Command Center  
  23  2:25  Hellion  
  23  2:28  SCV  
  26  2:35  Starport  
  26  2:38  Marine  
  29  2:44  SCV  
  29  2:47  Marine  
  28  2:53  Hellion  
  28  2:57  SCV  
  30  3:07  Barracks Reactor  
  30  3:09  SCV  
  31  3:32  SCV, Medivac, Hellion  
  35  3:35  Orbital Command  
  35  3:43  Marine x2  
  35  3:44  SCV  
  38  3:53  Supply Depot  
  38  3:54  Factory Tech Lab  
  38  3:56  SCV  
  38  4:01  Marine x2  
  41  4:08  SCV  
  40  4:13  Siege Tank  
  38  4:19  Marine x2  
  38  4:20  SCV  
  39  4:29  Starport Tech Lab  
  34  4:32  SCV  
  34  4:36  Marine  
  35  4:44  SCV  
  34  4:47  SCV  
  34  4:49  Raven  
  34  4:51  Siege Tank  
  39  4:53  Supply Depot  
  39  4:54  Marine x2  
  39  4:56  SCV  
  42  5:01  SCV  
  42  5:07  Barracks  
  43  5:08  Orbital Command  
  43  5:10  SCV  
  44  5:15  Marine x2  
  46  5:22  Barracks, SCV  
  47  5:34  SCV x2  
  49  5:38  Siege Tank  
  49  5:40  Engineering Bay  
  49  5:42  Supply Depot  
  52  5:46  SCV x2  
  54  5:54  Supply Depot  
  54  6:03  Marine x2  
  54  6:04  SCV x2  
  58  6:05  Refinery  
  58  6:07  Terran Infantry Weapons Level 1  
  58  6:11  Stimpack, Marine  
  58  6:16  SCV x2  
  61  6:19  Supply Depot  
  61  6:21  Marine x2  
  61  6:22  Combat Shield, Marine  
  64  6:27  Factory Reactor  
  64  6:28  SCV x2  
  64  6:32  Supply Depot, Starport Reactor  
  66  6:35  Marine  
  66  6:39  Marine x2  
  69  6:40  SCV x2  
  69  6:43  Supply Depot  
  71  6:48  Marauder  
  71  6:52  SCV  
  71  6:53  Marauder  
  76  6:57  Marine x2  
  76  6:59  SCV  
  79  7:02  Supply Depot  
  79  7:04  Widow Mine x2  
  83  7:09  Supply Depot, Medivac x2, Marine  
  83  7:15  Marauder  
  90  7:16  Supply Depot  
  90  7:22  SCV x2  
  92  7:25  Refinery  
  92  7:27  Widow Mine x2  
  92  7:28  Marine x2  
  98  7:31  Marauder  
  98  7:36  Marauder  
  102  7:40  Medivac  
  102  7:43  SCV  
  105  7:54  Widow Mine x2  
  105  7:56  Command Center  
  109  7:59  SCV  
  109  8:00  SCV  
  111  8:05  Marine  
  111  8:06  Marauder  
  111  8:08  Terran Infantry Armor Level 1  
  111  8:12  Medivac  
  114  8:14  Supply Depot, Medivac  
  114  8:28  SCV  
  114  8:30  Barracks  
  114  8:32  Barracks  
  111  8:44  Marine x2  
  111  8:45  Medivac x2, Marauder x2  
  119  8:51  SCV x2  
  113  9:02  Marine  
  112  9:03  SCV x2  
  112  9:06  Marauder  
  112  9:07  Marine  
  112  9:08  Marauder  
  113  9:15  SCV x2  
  107  9:20  Orbital Command  
  102  9:27  SCV  
  102  9:28  Marauder  
  103  9:32  Barracks Reactor, Barracks Tech Lab  
  103  9:36  Widow Mine  
  105  9:39  Concussive Shells  
  105  9:44  Ghost Academy  
  105  9:49  Widow Mine, Marine x2  
  105  9:50  Marauder  
  111  9:53  SCV  
  111  9:56  Marine  
  111  9:57  Widow Mine, Marauder  
  117  10:01  SCV x2  
  117  10:06  SCV  
  120  10:07  Marine  
  120  10:11  Widow Mine  
  120  10:12  Supply Depot  
  120  10:13  Ghost  
  125  10:15  Ghost  
  125  10:18  Widow Mine  
  125  10:19  Marine x2  
  125  10:20  Marine  
  132  10:33  Ghost  
  131  10:41  Widow Mine x2  
  131  10:42  Ghost  
  116  10:51  Viking  
  115  11:02  Marine x3  
  115  11:03  Widow Mine, Marauder x2, Marine  
  117  11:05  SCV  
  117  11:06  SCV x2  
  120  11:12  Viking, Marauder  
  120  11:18  SCV  
  125  11:20  Marine x2  
  125  11:21  Orbital Command  
  125  11:24  Marauder  
  125  11:25  Supply Depot  
  129  11:33  Ghost  
  129  11:34  Marine  
  129  11:35  Marine  
  133  11:40  SCV x2  
  133  11:47  Ghost x2  
  135  11:48  Marine  
  135  11:49  SCV  
  135  11:52  SCV x2  
  141  12:02  Widow Mine x2  
  141  12:04  Supply Depot  
  141  12:06  Ghost  
  147  12:15  Marine x2  
  149  12:22  Marine  
  149  12:23  Ghost  
  131  12:39  Marauder, Marine x2  
  131  12:40  Marauder  
  133  12:48  Marine x2  
  110  12:52  Marauder  
  110  12:54  Widow Mine  
  110  12:57  Marine x2  
  111  13:01  Marauder x2  
  112  13:06  Marine x2  
  112  13:09  SCV  
  109  13:13  Marauder  
  109  13:14  Marine  
  109  13:15  Marine  
  114  13:20  Widow Mine x2  
  114  13:22  Marauder x2  
  114  13:23  Marine x2  
  118  13:32  Marine x2  
  116  13:35  Marauder  
  116  13:41  Widow Mine, Marine  
  120  13:43  Widow Mine  
  120  13:44  Marauder x2  
Show
View Real Time Build Order
Export as new Build Order

herO Protoss - Winner!

Build Orders: Zealot Archon 

Get SALT Encoding   

  12  0:08  Pylon  
  12  0:13  Probe  
  13  0:27  Gateway  
  13  0:32  Probe (Chrono Boost)  
  14  0:41  Probe (Chrono Boost)  
  15  0:42  Assimilator  
  15  0:46  Probe (Chrono Boost)  
  16  0:58  Probe  
  17  1:05  Pylon  
  17  1:10  Probe  
  18  1:15  Cybernetics Core  
  18  1:17  Zealot  
  20  1:22  Probe  
  21  1:34  Probe  
  22  1:48  Adept (Chrono Boost)  
  22  1:51  Warp Gate (Chrono Boost)  
  24  2:01  Nexus  
  24  2:04  Probe  
  25  2:08  Adept (Chrono Boost)  
  27  2:16  Probe  
  27  2:22  Pylon  
  28  2:28  Probe  
  29  2:31  Stalker  
  31  2:40  Probe  
  32  2:51  Gateway  
  32  2:53  Gateway  
  32  3:00  Probe  
  32  3:04  Stalker  
  32  3:13  Probe (Chrono Boost)  
  32  3:17  Probe (Chrono Boost), Pylon  
  33  3:23  Probe (Chrono Boost)  
  34  3:28  Probe x2 (Chrono Boost)  
  36  3:40  Probe  
  36  3:41  Probe  
  38  3:43  Stalker  
  38  3:44  Assimilator  
  38  3:46  Stalker  
  42  3:48  Stalker  
  42  3:54  Probe x2  
  46  4:02  Pylon  
  46  4:07  Probe x2  
  46  4:12  Stalker x2  
  46  4:15  Zealot  
  52  4:20  Probe x2  
  46  4:32  Probe x2  
  46  4:36  Zealot, Stalker x2  
  54  4:44  Probe x2  
  54  4:56  Robotics Facility  
  54  5:01  Nexus  
  54  5:03  Assimilator  
  54  5:05  Adept x2  
  58  5:08  Pylon  
  58  5:10  Probe  
  58  5:13  Probe  
  60  5:23  Probe (Chrono Boost), Assimilator  
  60  5:25  Twilight Council, Probe (Chrono Boost)  
  64  5:35  Probe (Chrono Boost)  
  64  5:37  Probe (Chrono Boost)  
  64  5:38  Shield Battery  
  64  5:41  Probe (Chrono Boost)  
  64  5:42  Probe (Chrono Boost)  
  65  5:44  Observer (Chrono Boost), Sentry  
  65  5:45  Zealot x2  
  65  5:48  Pylon  
  73  5:50  Probe  
  73  5:51  Probe  
  73  5:52  Pylon  
  73  5:56  Warp Prism (Chrono Boost)  
  75  6:02  Charge (Chrono Boost)  
  77  6:12  Sentry  
  77  6:13  Gateway  
  77  6:18  Gateway  
  79  6:19  Gateway  
  79  6:23  Observer  
  79  6:27  Immortal  
  79  6:29  Probe x2  
  79  6:31  Probe  
  86  6:37  Templar Archives  
  86  6:39  Shield Battery  
  86  6:41  Probe  
  86  6:42  Probe  
  86  6:43  Probe  
  89  6:51  Gateway  
  89  6:52  Gateway  
  89  6:57  Zealot x2, Sentry  
  95  7:02  Shield Battery x2  
  95  7:06  Shield Battery, Probe  
  95  7:07  Probe  
  97  7:11  Observer  
  97  7:13  Immortal (Chrono Boost), Pylon  
  97  7:21  Pylon  
  101  7:30  Pylon  
  101  7:31  Probe  
  101  7:32  Zealot  
  101  7:33  Zealot, High Templar  
  108  7:44  Zealot, High Templar x2, Pylon x3  
  112  7:48  Zealot, Archon, High Templar  
  118  7:52  Immortal (Chrono Boost)  
  118  7:54  Pylon  
  122  8:10  Zealot  
  122  8:11  Zealot x4  
  122  8:12  Archon, Blink (Chrono Boost)  
  128  8:13  Probe  
  127  8:25  Pylon  
  127  8:28  Nexus  
  127  8:31  Pylon  
  127  8:33  Stalker x4  
  131  8:49  Zealot x4  
  131  8:52  Probe x2  
  140  8:56  Zealot  
  140  8:57  High Templar  
  140  8:58  Zealot  
  140  8:59  High Templar  
  147  9:03  Archon  
  147  9:04  Psionic Storm  
  147  9:08  Probe x2  
  147  9:09  Probe  
  150  9:10  Zealot  
  144  9:17  Sentry  
  144  9:18  Zealot x2  
  144  9:20  Probe  
  144  9:23  Warp Prism (Chrono Boost)  
  133  9:24  Phoenix  
  133  9:28  Probe  
  133  9:29  Probe  
  126  9:33  Probe  
  126  9:36  Assimilator  
  127  9:39  Assimilator  
  127  9:44  Forge  
  127  9:46  Zealot x2, High Templar  
  127  9:52  Probe x4  
  137  9:57  High Templar  
  139  10:04  Pylon  
  139  10:07  Zealot, Immortal, High Templar  
  139  10:08  Pylon  
  143  10:15  Shield Battery  
  147  10:21  Shield Battery  
  147  10:22  Zealot x4  
  147  10:24  Zealot  
  157  10:31  Forge  
  127  10:47  Archon  
  115  10:52  Zealot x7, High Templar  
  121  10:57  Robotics Facility  
  121  10:58  Robotics Bay  
  121  11:03  Probe x2  
  121  11:04  Probe x2  
  115  11:06  Photon Cannon  
  115  11:07  Shield Battery  
  115  11:11  Nexus  
  115  11:14  Zealot x6, High Templar  
  115  11:15  Probe  
  115  11:17  Probe x3  
  133  11:28  Forge  
  133  11:30  Protoss Ground Weapons Level 1 (Chrono Boost), Photon Cannon  
  133  11:35  High Templar x4  
  133  11:36  Zealot x3  
  141  11:57  Disruptor (Chrono Boost)  
  141  11:58  Disruptor (Chrono Boost), Protoss Ground Armor Level 1 (Chrono Boost)  
  137  12:07  Archon  
  137  12:10  Photon Cannon x2  
  137  12:12  Shield Battery  
  137  12:14  Zealot x7, Sentry  
  151  12:24  Gateway x2  
  151  12:29  Archon  
  146  12:34  Disruptor (Chrono Boost)  
  134  12:37  Zealot x8  
  134  12:38  Disruptor (Chrono Boost)  
  121  12:58  Stalker x5  
  121  13:00  Zealot x3  
  121  13:04  Disruptor (Chrono Boost)  
  123  13:09  Disruptor (Chrono Boost)  
  113  13:24  Zealot x9  
  113  13:26  Zealot  
  130  13:33  Disruptor (Chrono Boost)  
  125  13:47  High Templar  
  125  13:48  Zealot x6, High Templar  
  134  13:50  Zealot  
  134  13:52  Archon  
  146  13:58  Zealot  
Tags
 
Add a new tag
Caveats
  • Supply blocks, unpowered buildings, or Contaminate may cause inaccurate times.
  • Supply counts are checked every 10 seconds.